 Seeded DCSS version 0.29.1-15-g9cfb28693d (webtiles) character file.

Game seed: 11851575853161599096 (custom seed)

45126 Sanktem7 the Severer (level 14, -5/129 HPs)
             Began as a Minotaur Fighter on Mar 14, 2023.
             Was the Champion of Okawaru.
             Slain by an ettin zombie (8 damage)
             ... on level 15 of the Dungeon.
             The game lasted 00:26:20 (14576 turns).

Sanktem7 the Severer (Minotaur Fighter)            Turns: 14576, Time: 00:26:20

Health: -5/129     AC: 38    Str: 27    XL:     14   Next: 0%
Magic:  16/16      EV: 11    Int:  9    God:    Okawaru [******]
Gold:   1342       SH: 12    Dex:  9    Spells: 13/13 levels left

rFire   . . .      SeeInvis .   G - +3 war axe (freeze) {axe}
rCold   . . .      Faith    .   c - +0 buckler
rNeg    . . .      Spirit   .   q - +15 Maxwell's patent armour {-Cast -Tele rElec Will+ rCorr}
rPois   .          Reflect  +   N - +1 hat of Leapfrog {Rampage}
rElec   +          Harm     .   y - +0 cloak
rCorr   +          Rampage  +   J - +0 pair of gloves
Will    ++...      NoTele   +   b - +2 pair of boots {Stlth+}
Stlth   .......... NoCast   +   O - amulet "Kisy" {Reflect Int+4 SH+5}
HPRegen 0.31/turn               l - +4 ring of slaying
MPRegen 0.15/turn               s - +4 ring of evasion

@: no status effects
A: horns 2, retaliatory headbutt
a: Renounce Religion, Heroism, Finesse, Duel


You were on level 15 of the Dungeon.
You worshipped Okawaru.
Okawaru was exalted by your worship.
You visited 1 branch of the dungeon, and saw 15 of its levels.
You also visited: Gauntlet.

You collected 1530 gold pieces.
You spent 188 gold pieces at shops.


Innate Abilities, Weirdness & Mutations

You have a pair of horns on your head.
You reflexively headbutt those who attack you in melee.


   Skills:
 + Level 13.2 Fighting
 * Level 17.7 Axes
 + Level 4.3 Throwing
 + Level 13.1 Armour
 + Level 13.2 Shields
 - Level 5.0 Invocations


You had 13 spell levels left.
You didn't know any spells.
Your spell library contained the following spells:

 Spells                   Type           Power      Damage    Failure   Level
 Apportation              Tloc           0%         N/A       98%         1
 Magic Dart               Conj           0%         1d3       98%         1
 Necrotise                Necr           0%         1d4       98%         1
 Shock                    Conj/Air       0%         1d3       98%         1
 Searing Ray              Conj           0%         2d4       99%         2
 Static Discharge         Conj/Air       0%         3-3/arc   99%         2
 Gell's Gravitas          Tloc           0%         N/A       100%        3
 Lesser Beckoning         Tloc           0%         N/A       100%        3
 Swiftness                Air            0%         N/A       100%        3
 Teleport Other           Tloc           0%         N/A       100%        3
 Airstrike                Air            0%         2d(0-16)  100%        4
 Fulminant Prism          Conj/Hex       0%         3d6       100%        4
 Alistair's Intoxication  Tmut/Pois      0%         N/A       100%        5
 Borgnjor's Vile Clutch   Necr/Erth      0%         N/A       100%        5
 Iskenderun's Battlesphe  Conj           0%         2d6       100%        5
 Lightning Bolt           Conj/Air       0%         1d11      100%        5
 Dispersal                Tloc           0%         N/A       100%        6
 Eringya's Noxious Bog    Tmut/Pois      0%         N/A       100%        6
 Iron Shot                Conj/Erth      0%         9d1       100%        6
 Disjunction              Tloc           0%         N/A       100%        8
 Maxwell's Capacitive Co  Air            0%         ∞         100%        8
 Summon Small Mammal      Summ           Unusable   N/A       N/A         1
 Spellforged Servitor     Conj/Summ      Unusable   N/A       N/A         7

Inventory:

Hand Weapons
 x - a +1 whip of flaming {mace}
   (You took it off a gnoll bouda on level 8 of the Dungeon)
 G - a +3 war axe of freezing (weapon) {axe}
   (You took it off a wight on level 8 of the Dungeon)
Missiles
 u - 7 boomerangs (quivered) {throwing}
 C - 7 silver javelins {throwing}
Armour
 b - a +2 pair of boots of stealth (worn)
   (You acquired it on level 7 of the Dungeon)
 c - a +0 buckler (worn)
 j - the +5 scale mail of Gravitas {Drain Will- rCorr Str+9}
   (Okawaru gifted it to you on level 15 of the Dungeon)

   Str:       It affects your strength (+9).
   rCorr:     It protects you from acid and corrosion.
   Drain:     It drains your maximum health when unequipped.
   Will:      It decreases your willpower.
 q - the +15 Maxwell's patent armour (worn) {-Cast -Tele rElec Will+ rCorr}
   (You found it on level 3 of the Dungeon)

   rElec:     It insulates you from electricity.
   -Cast:     It prevents spellcasting.
   -Tele:     It prevents most forms of teleportation.
   rCorr:     It protects you from acid and corrosion.
   Will:      It increases your willpower.
 y - a +0 cloak (worn)
   (You took it off Maurice on level 8 of the Dungeon)
 J - a +0 pair of gloves (worn)
   (You found it on level 10 of the Dungeon)
 N - the +1 hat of Leapfrog (worn) {Rampage}
   (You found it in a Gauntlet)

   Rampage:   It bestows one free step when moving towards enemies.
Jewellery
 l - a +4 ring of slaying (left hand)
   (You found it on level 1 of the Dungeon)
 s - a +4 ring of evasion (right hand)
   (You found it on level 2 of the Dungeon)
 K - a ring of poison resistance
   (You found it in a Gauntlet)
 O - the amulet "Kisy" (around neck) {Reflect Int+4 SH+5}
   (You found it on level 7 of the Dungeon)

   [amulet of reflection]

   It reflects blocked missile attacks.
   Int:       It affects your intelligence (+4).
   SH:        It affects your SH (+5).
Wands
 w - a wand of paralysis (28)
   (You found it on level 4 of the Dungeon)
 A - a wand of iceblast (19)
   (You took it off Maurice on level 8 of the Dungeon)
 E - a wand of flame (76)
   (You found it on level 6 of the Dungeon)
 R - a wand of polymorph (8)
   (You found it in a Gauntlet)
 T - a wand of light (3)
   (You found it on level 14 of the Dungeon)
Scrolls
 a - 3 scrolls of magic mapping {!r}
 e - a scroll of poison {!r}
 f - 7 scrolls of teleportation {@r4}
 i - 2 scrolls of fog
 k - 3 scrolls of blinking {!r}
 n - 3 scrolls of enchant armour
 M - a scroll of enchant weapon
 V - a scroll of amnesia {unknown}
 Y - a scroll of silence {unknown}
 Z - 3 scrolls of vulnerability {unknown}
Potions
 d - 5 potions of might
 g - 5 potions of mutation {!q}
 h - 2 potions of degeneration {unknown}
 p - 3 potions of flight
 r - 5 potions of brilliance {unknown}
 t - 6 potions of haste {unknown}
 v - 17 potions of curing {@q1}
 z - 2 potions of berserk rage {!q}
 B - 3 potions of heal wounds {@q2}
 D - a potion of lignification {unknown}
 H - 2 potions of invisibility
 L - 3 potions of cancellation {unknown}
 Q - 2 potions of magic {unknown}
 U - 3 potions of attraction {!q}
Miscellaneous
 S - a phantom mirror
   (You found it in a Gauntlet)

Dungeon Overview and Level Annotations

Branches:
Dungeon (15/15) Zot: 26817  Temple (0/1) D:5            Lair (0/5) D:9
    Orc (0/2) D:12         Vaults (0/5) D:14         Depths (0/4) D:15
Gauntlet (visited)

Altars:
Okawaru
Uskayaw
Vehumet
Wu Jian
Yredelemnul

Shops:
D:4 [   D:5 [ D:7

* ##########
.........#
#..<.# #...)#
#....# # ##..###
###. #####.[##
#...## ##.#...##
......###..#@###
..P....#...ZZ#
.P8P......#.##
....8.8..##.#
.8......###.#
.......?# ..#
.>....... .##
.....Z..###
..88...8#


You could see an ettin zombie and a stone giant zombie.


Message History

You block the skeletal warrior's attack.
The skeletal warrior closely misses you.
You slash the skeletal warrior! You freeze the skeletal warrior.
Your headbutt misses the skeletal warrior.
You barely miss the skeletal warrior. 😕 HP[+1]
You slash the skeletal warrior! You freeze the skeletal warrior.
You hit the skeletal warrior. You freeze the skeletal warrior.
You block the skeletal warrior's attack.
The skeletal warrior hits you with a +0 halberd!! 😮 HP[-22]
You take 22 damage, and now have 74/122 hp.
You slash the skeletal warrior! You freeze the skeletal warrior.
You headbutt the skeletal warrior.
You hit the skeletal warrior but do no damage.
You block the skeletal warrior's attack. x2
You slash the skeletal warrior! You freeze the skeletal warrior.
You slash the skeletal warrior!
You block the skeletal warrior's attack.
The skeletal warrior hits you with a +0 halberd. 😮 HP[-3]
You take 3 damage, and now have 71/122 hp.
You slash the skeletal warrior!
You destroy the skeletal warrior!
Okawaru accepts your kill.
You closely miss the skeletal warrior. 😮 HP[+1]
You hit the skeletal warrior. You freeze the skeletal warrior.
You block the skeletal warrior's attack.
You closely miss the skeletal warrior.
Your headbutt misses the skeletal warrior.
The skeletal warrior hits you but does no damage.
You hit the skeletal warrior but do no damage.
You slash the skeletal warrior! You freeze the skeletal warrior.
You headbutt the skeletal warrior.
You hit the ettin zombie but do no damage.
The skeletal warrior hits you but does no damage.
You slash the skeletal warrior! You freeze the skeletal warrior.
You slash the ettin zombie! The ettin zombie hits you!
* * * LOW HITPOINT WARNING * * *
The ettin zombie hits you but does no damage.
The skeletal warrior hits you but does no damage. 😨 HP[-12]
You take 12 damage, and now have 60/122 hp.
You slash the skeletal warrior!
You destroy the skeletal warrior!
Okawaru accepts your kill.
You hit the ettin zombie. The ettin zombie hits you.
* * * LOW HITPOINT WARNING * * *
The ettin zombie hits you.
* * * LOW HITPOINT WARNING * * *
You have reached level 14! 😨 HP[-5] MP[+1]
You now have 129 max hp (+7).
Your mp is fully restored (16).
You slash the ettin zombie! You hit the stone giant zombie.
You slash the ettin zombie!
You hit the stone giant zombie but do no damage.
You block the stone giant zombie's attack.
The ettin zombie closely misses you.
The ettin zombie hits you but does no damage.
You hit the ettin zombie. You hit the stone giant zombie.
The stone giant zombie hits you but does no damage. 😨 HP[+1]
You slash the ettin zombie!
You hit the stone giant zombie but do no damage.
The ettin zombie hits you but does no damage.
The ettin zombie hits you!
* * * LOW HITPOINT WARNING * * *
😨 HP[-16]
You take 16 damage, and now have 40/129 hp.
You hit the ettin zombie. You headbutt the ettin zombie.
You hit the stone giant zombie. The stone giant zombie hits you.
* * * LOW HITPOINT WARNING * * *
😨 HP[-4]
You take 4 damage, and now have 36/129 hp.
You slice the ettin zombie!! You freeze the ettin zombie.
You completely miss the stone giant zombie.
You block the ettin zombie's attack. The ettin zombie closely misses you.
You slash the ettin zombie! You slash the stone giant zombie!
The stone giant zombie hits you!
* * * LOW HITPOINT WARNING * * *
The ettin zombie hits you but does no damage. x2 😱 HP[-8]
You take 8 damage, and now have 28/129 hp.
You slash the ettin zombie! You freeze the ettin zombie.
You hit the stone giant zombie but do no damage.
The stone giant zombie hits you but does no damage. 😱 HP[+1]
You slash the ettin zombie! You hit the stone giant zombie.
The ettin zombie hits you but does no damage.
The ettin zombie hits you!!
* * * LOW HITPOINT WARNING * * *
😱 HP[-18]
You take 18 damage, and now have 11/129 hp.
You hit the ettin zombie. You slash the stone giant zombie!
You freeze the stone giant zombie. The stone giant zombie hits you!
* * * LOW HITPOINT WARNING * * *
The ettin zombie hits you but does no damage.
The ettin zombie hits you!
You die...

Skill      XL: |  1  2  3  4  5  6  7  8  9 10 11 12 13 |
---------------+----------------------------------------+-----
Axes           | 3 4 5 6 7 9 10 12 14 16 17 | 17.7
Armour         | 4 5 6 7 8 9 10 12 13 | 13.1
Fighting       | 4 5 6 7 8 9 10 12 13 | 13.2
Shields        | 4 5 6 7 8 9 10 12 13 | 13.2
Invocations    | 1 3 4 5 |  5.0
Throwing       | 4 |  4.3

Action                   |  1- 3 |  4- 6 |  7- 9 | 10-12 | 13-15 || total
-------------------------+-------+-------+-------+-------+-------++-------
Melee: War axe           |    52 |   111 |   175 |   412 |   211 ||   961
       Headbutt          |     8 |    17 |    37 |   106 |    51 ||   219
       Whip              |       |       |       |    20 |    26 ||    46
Invok: Heroism           |       |       |       |     1 |       ||     1
  Use: Scroll            |       |       |     9 |     1 |     6 ||    16
Armor: Scale mail        |    30 |    11 |       |       |       ||    41
       Plate armour      |       |    54 |   127 |   265 |   162 ||   608
Dodge: Dodged            |    25 |    35 |    54 |   147 |    79 ||   340
Block: Buckler           |    15 |    30 |    43 |   214 |   123 ||   425
       Reflection        |       |       |     1 |    12 |     4 ||    17

Levels and vault maps discovered:
D:1:      lightli_iron_boxes, layout_basic
D:2:      layout_rooms, shapermc_ecumenical_altar_flowoftime
D:3:      layout_basic, uniq_natasha
D:4:      layout_rooms, serial_shops, nicolae_take_the_stairs,
          uniq_blork_the_orc
D:5:      layout_basic, minmay_temple_entry_stoned_glass, serial_shops,
          nicolae_lakefront_shop, grunt_ministairs_2,
          minmay_misc_feat_more_columns, kennysheep_generic_room_15
D:6:      layout_basic, serial_rivers, chequers_serial_rivers_small_a,
          chequers_serial_rivers_micro_c, chequers_serial_rivers_micro_d,
          chequers_serial_rivers_micro_b, chequers_serial_rivers_small_a
D:7:      layout_basic, chequers_temple_overflow_statue_of_worship,
          serial_shops, shop_statue, hellmonk_ghost_happy_afterlife,
          uniq_duvessa, uniq_joseph
D:8:      layout_loops_ring, amcnicky_altar_gilded, guppyfry_early_elven_hall,
          uniq_maurice
D:9:      kennysheep_blocky_room, layout_long_grid, erik_lair_orcish_takeover
D:10:     layout_stronghold, uniq_josephine, uniq_grum
D:11:     layout_stronghold, gauntlet_entry_generic, minmay_misc_feat_cross,
          serial_bayou_lake_a
D:12:     layout_roguey, zombieorc1_lemuel, chequers_serial_rivers_micro_c,
          nzn_sisyphean_effort
D:13:     layout_loops_ring
D:14:     layout_small_grid, david_vaults_5, serial_park_square2
D:15:     gammafunk_depths_entry_grave, layout_rooms, minivault_14,
          nicolae_hexahallways, minmay_shop_chei

Notes
Turn   | Place    | Note
-------+----------+-------------------------------------------
     0 | D:1      | Sanktem7 the Minotaur Fighter began the quest for the Orb.
     0 | D:1      | Reached XP level 1. HP: 19/19 MP: 0/0
     0 | D:1      | magus.rc [v1.9.6]
   109 | D:1      | Reached skill level 3 in Axes
   109 | D:1      | Reached XP level 2. HP: 22/27 MP: 1/1
   357 | D:1      | Reached skill level 4 in Armour
   358 | D:1      | Reached XP level 3. HP: 29/33 MP: 2/2
   359 | D:1      | Reached skill level 4 in Fighting
   429 | D:1      | Reached skill level 4 in Shields
   688 | D:1      | You pick up a book of Power and begin reading...
   688 | D:1      | You add the spells Iskenderun's Battlesphere, Iron Shot and
                  | Spellforged Servitor to your library.
   704 | D:2      | You fall into a shaft and drop 1 floor!
   705 | D:3      | Noticed Natasha
   711 | D:3      | Killed Natasha
   712 | D:3      | Reached XP level 4. HP: 33/40 MP: 3/3
   834 | D:3      | Noticed Natasha
   847 | D:3      | Killed Natasha
   848 | D:3      | Reached skill level 4 in Axes
  1300 | D:3      | Found the +15 Maxwell's patent armour {-Cast -Tele rElec
                  | Will+ rCorr}
  1547 | D:2      | Found a faded altar of an unknown god.
  1964 | D:3      | Noticed Natasha
  1968 | D:3      | Killed Natasha
  1969 | D:3      | Reached XP level 5. HP: 43/47 MP: 4/4
  2008 | D:3      | You pick up a book of Air and begin reading...
  2008 | D:3      | You add the spells Shock, Swiftness and Airstrike to your
                  | library.
  2135 | D:4      | Noticed Blork the orc
  2145 | D:4      | Killed Blork the orc
  2146 | D:4      | Reached skill level 5 in Axes
  2148 | D:4      | Reached XP level 6. HP: 55/55 MP: 5/5
  2272 | D:4      | Reached skill level 5 in Shields
  2274 | D:4      | Found Kagucra's Armour Boutique.
  2301 | D:4      | Reached skill level 5 in Fighting
  2301 | D:4      | Reached skill level 5 in Armour
  2646 | D:5      | Entered Level 5 of the Dungeon
  2754 | D:5      | Found a staircase to the Ecumenical Temple.
  2804 | D:5      | Reached skill level 6 in Axes
  2816 | D:5      | Reached XP level 7. HP: 55/61 MP: 6/6
  2960 | D:5      | Found Ozadgha's Antique Armour Boutique.
  3299 | D:5      | You add the spells Alistair's Intoxication, Borgnjor's Vile
                  | Clutch and Eringya's Noxious Bog to your library.
  3555 | D:5      | Reached skill level 7 in Axes
  3766 | D:6      | Reached skill level 6 in Shields
  3806 | D:6      | You pick up a book of Lightning and begin reading...
  3806 | D:6      | You add the spells Static Discharge, Lightning Bolt and
                  | Maxwell's Capacitive Coupling to your library.
  3976 | D:6      | Reached skill level 6 in Fighting
  3976 | D:6      | Reached skill level 6 in Armour
  4022 | D:6      | Reached XP level 8. HP: 67/70 MP: 7/7
  4682 | D:7      | Found Cyud's General Store.
  4698 | D:7      | Reached skill level 8 in Axes
  4813 | D:7      | Identified the +1 scale mail of Varoxzih {+Blink Int+5}
  5056 | D:7      | Reached skill level 7 in Shields
  5068 | D:7      | Found an ornate altar of the Wu Jian Council.
  5073 | D:7      | Found an iron altar of Okawaru.
  5074 | D:7      | Found a hide-covered altar of Uskayaw.
  5158 | D:7      | Noticed Dowan
  5162 | D:7      | Noticed Duvessa
  5165 | D:7      | Killed Dowan
  5166 | D:7      | Reached skill level 7 in Fighting
  5175 | D:7      | Killed Duvessa
  5176 | D:7      | Reached skill level 9 in Axes
  5176 | D:7      | Reached skill level 7 in Armour
  5219 | D:7      | Became a worshipper of Warmaster Okawaru
  5401 | D:7      | Found a runed translucent door.
  5401 | D:7      | Noticed croobank's ghost (novice OpDe)
  5634 | D:7      | Identified the amulet "Kisy" {Reflect Int+4 SH+5}
  5639 | D:7      | Noticed Joseph
  5652 | D:7      | Killed Joseph
  5653 | D:7      | Reached skill level 1 in Invocations
  5653 | D:7      | Reached XP level 9. HP: 63/79 MP: 8/8
  5761 | D:7      | Killed croobank's ghost
  5884 | D:7      | Bought a +0 battleaxe for 84 gold pieces
  5884 | D:7      | Bought a scroll of identify for 26 gold pieces
  5884 | D:7      | Bought 2 potions of curing for 78 gold pieces
  5893 | D:7      | Identified a scroll of acquirement
  5893 | D:7      | Acquired a +2 pair of boots of stealth
  6026 | D:8      | Found a basalt altar of Yredelemnul.
  6150 | D:8      | Noticed Maurice
  6161 | D:8      | Killed Maurice
  6161 | D:8      | Reached * piety under Okawaru
  6162 | D:8      | Reached skill level 10 in Axes
  6162 | D:8      | Reached skill level 2 in Invocations
  6241 | D:8      | Reached skill level 8 in Shields
  6249 | D:8      | Reached skill level 8 in Fighting
  6249 | D:8      | Reached skill level 8 in Armour
  6259 | D:8      | Reached skill level 3 in Invocations
  6422 | D:8      | Reached XP level 10. HP: 77/88 MP: 11/11
  6423 | D:8      | Reached ** piety under Okawaru
  6553 | D:8      | Noticed a deep elf pyromancer
  6559 | D:8      | Killed a deep elf pyromancer
  6560 | D:8      | Reached skill level 11 in Axes
  6712 | D:8      | Acquired 305 gold pieces
  6899 | D:9      | Reached skill level 4 in Invocations
  7089 | D:9      | Noticed a manticore
  7093 | D:9      | Killed a manticore
  7093 | D:9      | Reached *** piety under Okawaru
  7094 | D:9      | Reached skill level 9 in Fighting
  7094 | D:9      | Reached skill level 9 in Armour
  7094 | D:9      | Reached skill level 9 in Shields
  7102 | D:9      | Noticed a wizard
  7109 | D:9      | Killed a wizard
  7110 | D:9      | Reached skill level 12 in Axes
  7279 | D:9      | Reached **** piety under Okawaru
  7461 | D:9      | Reached XP level 11. HP: 97/97 MP: 13/13
  7465 | D:9      | Reached skill level 5 in Invocations
  7482 | D:9      | Found a staircase to the Lair.
  8025 | D:10     | Entered Level 10 of the Dungeon
  8066 | D:10     | Noticed Grum
  8081 | D:10     | Killed Grum
  8265 | D:10     | You pick up a book of the Warp and begin reading...
  8265 | D:10     | You add the spells Dispersal and Disjunction to your
                  | library.
  8355 | D:10     | Reached skill level 13 in Axes
  8359 | D:10     | Reached ***** piety under Okawaru
  8359 | D:10     | Received a gift from Okawaru
  8484 | D:10     | Reached skill level 10 in Fighting
  8506 | D:10     | Reached skill level 10 in Shields
  8521 | D:10     | Reached skill level 10 in Armour
  8642 | D:10     | Identified the +3 hat "Sifang" {Harm rC++ rCorr Dex-5}
                  | (Okawaru gifted it to you on level 10 of the Dungeon)
  8642 | D:10     | Received a gift from Okawaru
  8886 | D:10     | Noticed Josephine
  8893 | D:10     | Killed Josephine
  9153 | D:11     | Found a gate leading to a gauntlet.
  9158 | D:11     | Reached skill level 14 in Axes
  9166 | Gauntlet | Entered a Gauntlet
  9166 | Gauntlet | Found a transporter.
  9169 | Gauntlet | Found a transporter.
  9169 | Gauntlet | Found a transporter.
  9169 | Gauntlet | Found a transporter.
  9187 | Gauntlet | Noticed a necromancer
  9192 | Gauntlet | Found a transporter.
  9193 | Gauntlet | Found a transporter.
  9201 | Gauntlet | Killed a necromancer
  9207 | Gauntlet | Found a transporter.
  9211 | Gauntlet | Identified the ring "Xaymposho" {Contam +Blink Will+ Int+4}
  9218 | Gauntlet | Noticed a death scarab
  9219 | Gauntlet | Found a transporter.
  9221 | Gauntlet | Found a transporter.
  9221 | Gauntlet | Found a transporter.
  9226 | Gauntlet | Killed a death scarab
  9237 | Gauntlet | Reached XP level 12. HP: 103/108 MP: 14/14
  9244 | Gauntlet | Noticed a hell hog
  9255 | Gauntlet | Found a runed translucent door.
  9256 | Gauntlet | Found a transporter.
  9256 | Gauntlet | Found a transporter.
  9256 | Gauntlet | Found a transporter.
  9279 | Gauntlet | Killed a hell hog
  9280 | Gauntlet | Reached skill level 11 in Fighting
  9280 | Gauntlet | Reached skill level 11 in Armour
  9280 | Gauntlet | Reached skill level 11 in Shields
  9570 | Gauntlet | Identified the +1 hat of Leapfrog {Rampage}
  9590 | Gauntlet | Found a transporter.
  9826 | Gauntlet | Noticed a minotaur
  9836 | Gauntlet | Killed a minotaur
  9837 | Gauntlet | Reached skill level 15 in Axes
 10051 | Gauntlet | Identified the +1 leather armour of the Stonemason {Int+8
                  | Dex+6}
 10145 | D:11     | You pick up a book of Conjurations {@e2} and begin
                  | reading...
 10145 | D:11     | You add the spells Magic Dart, Searing Ray and Fulminant
                  | Prism to your library.
 10210 | D:11     | Noticed a two-headed ogre
 10216 | D:11     | Killed a two-headed ogre
 10257 | D:11     | Noticed a two-headed ogre
 10263 | D:11     | Killed a two-headed ogre
 10302 | D:11     | Identified the +1 leather armour of Brilliance {*Slow +Inv
                  | Int+4}
 10863 | D:11     | Noticed a two-headed ogre
 10866 | D:11     | Killed a two-headed ogre
 10866 | D:11     | Identified a +1 crystal plate armour (Okawaru gifted it to
                  | you on level 11 of the Dungeon)
 10866 | D:11     | Received a gift from Okawaru
 10869 | D:11     | W - a +1 crystal plate armour {rare=g}
 10871 | D:11     | You drop a +1 crystal plate armour {rare=g}.
 10961 | D:12     | Noticed a seven-headed hydra
 10962 | D:12     | Noticed a boulder beetle
 10971 | D:12     | Killed an eight-headed hydra
 10994 | D:12     | Killed a boulder beetle
 11451 | D:12     | Reached skill level 12 in Fighting
 11451 | D:12     | Reached skill level 16 in Axes
 11462 | D:12     | Paralysed by an orc sorcerer for 3 turns
 11469 | D:12     | Reached ****** piety under Okawaru
 11470 | D:12     | Reached skill level 12 in Shields
 11471 | D:12     | Reached skill level 12 in Armour
 11476 | D:12     | Found a staircase to the Orcish Mines.
 12149 | D:13     | Noticed a seven-headed hydra
 12157 | D:13     | Killed a seven-headed hydra
 12158 | D:13     | Reached XP level 13. HP: 104/118 MP: 15/15
 12252 | D:13     | Reached skill level 1 in Throwing
 12632 | D:13     | Identified the +2 scale mail "Omee" {+Inv rPois Dex-3}
                  | (Okawaru gifted it to you on level 13 of the Dungeon)
 12632 | D:13     | Received a gift from Okawaru
 12633 | D:13     | Reached skill level 2 in Throwing
 12771 | D:13     | You pick up a book of Cantrips and begin reading...
 12771 | D:13     | You add the spells Necrotise and Apportation to your
                  | library.
 13248 | D:14     | Reached skill level 17 in Axes
 13252 | D:14     | Reached skill level 3 in Throwing
 13311 | D:14     | Reached skill level 13 in Fighting
 13311 | D:14     | Reached skill level 13 in Shields
 13312 | D:14     | HP: 30/122 [eight-headed hydra (6)]
 13319 | D:14     | Reached skill level 13 in Armour
 13684 | D:14     | Reached skill level 4 in Throwing
 13981 | D:14     | You pick up a book of Displacement and begin reading...
 13981 | D:14     | You add the spells Lesser Beckoning, Gell's Gravitas and
                  | Teleport Other to your library.
 13982 | D:14     | Found a radiant altar of Vehumet.
 14136 | D:14     | Found a gate to the Vaults.
 14378 | D:15     | Entered Level 15 of the Dungeon
 14410 | D:15     | Identified the +5 scale mail of Gravitas {Drain Will- rCorr
                  | Str+9} (Okawaru gifted it to you on level 15 of the
                  | Dungeon)
 14410 | D:15     | Received a gift from Okawaru
 14530 | D:15     | Found a staircase to the Depths.
 14567 | D:15     | Reached XP level 14. HP: 55/129 MP: 16/16
 14573 | D:15     | HP: 28/129 [stone giant zombie (8)]
 14575 | D:15     | HP: 11/129 [ettin zombie (18)]
 14576 | D:15     | HP: 3/129 [stone giant zombie (8)]
 14576 | D:15     | Slain by an ettin zombie

Vanquished Creatures
  A minotaur (Gauntlet)
  Josephine (D:10)
  A boulder beetle (D:12)
  A vault guard (D:14)
  6 hydras
  3 two-headed ogres (D:11)
  4 centaur warriors (D:14)
  A death scarab (Gauntlet)
  A hell hog (Gauntlet)
  A vampire mage (D:15)
  A fire crab (Gauntlet)
  3 skeletal warriors
  A golden dragon zombie (D:15)
  A spectral hydra (Gauntlet)
  A wizard (D:9)
  2 necromancers
  2 deep elf pyromancers
  An orc sorcerer (D:12)
  The ghost of croobank the Covert, a novice OpDe of Sif Muna (D:7)
  6 ugly things
  5 cyclopes
  2 manticores
  Maurice (D:8)
  2 unseen horrors
  Joseph (D:7)
  2 gargoyles
  A freezing wraith (D:14)
  2 kobold demonologists
  A komodo dragon (D:10)
  An efreet (D:14)
  A yaktaur (D:14)
  16 slime creatures
  A troll (D:13)
  A queen bee (shapeshifter) (D:14)
  7 wraiths
  A water elemental (D:11)
  A shadow (D:10)
  2 wyverns
  A ynoxinul (Gauntlet)
  29 yaks
  10 fire bats (Gauntlet)
  Grum (D:10)
  A vampire (D:11)
  A basilisk (D:13)
  10 vampire mosquitoes
  2 wargs (D:9)
  2 hell hounds (Gauntlet)
  Duvessa (D:7)
  A sky beast (D:7)
  2 orc warriors (D:9)
  7 wolves
  7 centaurs
  3 ogres
  4 kobold brigands
  4 phantoms
  Blork the orc (D:4)
  4 bullfrogs
  A gnoll sergeant (D:9)
  A necrophage (D:6)
  2 scorpions
  9 wights
  Dowan (D:7)
  5 killer bees (D:11)
  7 howler monkeys
  8 electric eels (D:11)
  3 jellies
  2 orc priests
  4 hounds
  2 gnoll boudas
  2 iron imps (Gauntlet)
  8 orc wizards
  2 iguanas (D:5)
  Natasha (thrice) (D:3)
  6 ogre zombies (D:12)
  5 adders
  13 gnolls
  A shadow imp (D:7)
  2 white imps
  3 dart slugs
  28 orcs
  8 ball pythons
  9 endoplasms
  4 giant cockroaches
  9 goblins
  6 hobgoblins
  7 jackals
  4 quokkas
  7 bats
  2 frilled lizards
  4 goblin zombies (D:12)
  5 hobgoblin zombies (D:12)
  21 kobolds
  2 orc skeletons (D:12)
  8 orc zombies (D:12)
392 creatures vanquished.

Vanquished Creatures (others)
  3 fungi (Gauntlet)
  7 plants
  A withered plant (Gauntlet)
11 creatures vanquished.

Grand Total: 403 creatures vanquished

Table legend:
 A = Non-vault XP
 B = Vault XP
 C = Vault XP percentage of total XP
 D = Non-vault monster count
 E = Vault monster count
 F = Vault count percentage of total count
                 A         B        C        D         E       F
            +---------+---------+-------+---------+---------+-------
      Total |   39393 |   25074 |  38.9 |     290 |     102 |  26.0
            +---------+---------+-------+---------+---------+-------
        D:1 |      64 |       0 |   0.0 |      26 |       0 |   0.0
        D:2 |      32 |       0 |   0.0 |      17 |       0 |   0.0
        D:3 |      94 |      35 |  27.1 |      12 |       1 |   7.7
        D:4 |     252 |      91 |  26.5 |      25 |       1 |   3.8
        D:5 |     582 |      59 |   9.2 |      17 |       4 |  19.0
        D:6 |     493 |       0 |   0.0 |      15 |       0 |   0.0
        D:7 |     825 |    1133 |  57.9 |      24 |       4 |  14.3
        D:8 |    2048 |     938 |  31.4 |      22 |       2 |   8.3
        D:9 |    3230 |    2590 |  44.5 |      23 |      15 |  39.5
       D:10 |    4181 |    2226 |  34.7 |      20 |       9 |  31.0
       D:11 |    4991 |       0 |   0.0 |      26 |       0 |   0.0
       D:12 |    4208 |    1902 |  31.1 |      22 |      30 |  57.7
       D:13 |    7486 |       0 |   0.0 |      19 |       0 |   0.0
       D:14 |   10333 |    4846 |  31.9 |      21 |       7 |  25.0
       D:15 |     574 |    3641 |  86.4 |       1 |       5 |  83.3
   Gauntlet |       0 |    7613 | 100.0 |       0 |      24 | 100.0
            +---------+---------+-------+---------+---------+-------

Illustrated notes

Table legend:
 A = Kills in this place as a percentage of kills in entire the game.
 B = Kills by you in this place as a percentage of kills by you in the entire game.
 C = Kills by friends in this place as a percentage of kills by friends in the entire game.
 D = Other kills in this place as a percentage of other kills in the entire game.
 E = Experience gained in this place as a percentage of experience gained in the entire game.
 F = Experience gained in this place divided by the number of levels of this place that you have seen.
                   A       B       C       D       E      F
               +-------+-------+-------+-------+-------+----------------------
         Total | 100.0 | 100.0 |   N/A |   N/A | 100.0 | 4029.2
       Dungeon |  93.9 |  93.9 |   N/A |   N/A |  88.2 | 3790.3
      Gauntlet |   6.1 |   6.1 |   N/A |   N/A |  11.8 | 7613.0
               +-------+-------+-------+-------+-------+----------------------

Table legend: (Time is in decaauts)
 A = Elapsed time spent in this place.
 B = Non-inter-level travel time spent in this place.
 C = Inter-level travel time spent in this place.
 D = Time resting spent in this place.
 E = Time spent auto-exploring this place.
 F = Levels seen in this place.
 G = Mean time per level.
                   A        B        C        D        E       F      G
               +--------+--------+--------+--------+--------+-----+--------+
         Total |  14545 |  14110 |    435 |   1221 |  10876 |  16 |  909.1 |
       Dungeon |  13587 |  13152 |    435 |    527 |  10809 |  15 |  905.8 |
      Gauntlet |    957 |    957 |      0 |    694 |     67 |   1 |  957.0 |
               +--------+--------+--------+--------+--------+-----+--------+

Top non-repeatable levels by time:
     D:7: 1346 daAuts
    D:12: 1235 daAuts
    D:14: 1160 daAuts
     D:9: 1145 daAuts
    D:10: 1080 daAuts
     D:5: 1074 daAuts
    D:13: 1014 daAuts
     D:6: 980 daAuts
Gauntlet: 957 daAuts
     D:3: 864 daAuts
     D:8: 857 daAuts
    D:11: 805 daAuts
     D:1: 722 daAuts
     D:2: 589 daAuts
     D:4: 527 daAuts
